AoeStats
← Schantiiniiii

African Clearing

504314548Analyzed
2v2 RM · 26d ago on Sep 4, 2026· 29m 43s· 4 players
Game mode
Random Map
Map size
Medium (4 player)
Population
200
Speed
Normal
Resources
Standard
Victory
Conquest
Starting age
Dark Age
Ending age
Imperial Age
RankedLock teamsTeams togetherTeam positionsShared explorationLock speedFull tech treeHidden civsTurbo modeCheats
Victory
Defeat
🇩🇪 Vietnamese · Germany
1699
+10
🇨🇭 Bulgarians · Switzerland
1652
+12
🇦🇷 Britons · Argentina
1567
-11
🇦🇷 Wu · Argentina
1556
-11
TheBabirusa
7:35 Loom
14:39 Feudal Age
18:30 Castle Age
16:48 Double-Bit Axe
17:32 Horse Collar
19:48 Bow Saw
19:38 Heavy Plow
19:43 Fletching
24:49 Bodkin Arrow
26:12 Ballistics
Its me poison
11:04 Loom
13:44 Feudal Age
15:17 Double-Bit Axe
15:19 Horse Collar
18:12 Castle Age
17:59 Forging
17:54 Scale Barding Armor
17:52 Gold Mining
27:25 Light Cavalry
28:40 Fletching
{ BP } Käpt`n Iglo
10:22 Loom
13:04 Feudal Age
13:47 Double-Bit Axe
14:41 Fishing Lines
14:54 Gold Mining
17:08 Castle Age
18:05 Bow Saw
17:48 Gillnets
19:08 Wheelbarrow
18:18 Town Watch
23:16 Town Watch
27:18 Sanctity
27:22 Horse Collar
29:31 Fletching
32:18 Imperial Age
Schantiiniiii
4:41 Loom
12:39 Feudal Age
16:42 Castle Age
15:14 Double-Bit Axe
16:03 Fletching
18:06 Bodkin Arrow
20:19 Bow Saw
21:24 Town Watch
22:38 Gold Mining
25:47 Ballistics
25:54 Horse Collar
27:09 Bloodlines
27:40 Husbandry
27:44 Padded Archer Armor
29:10 Leather Archer Armor
Connection lost

Rejoining the realm…

Still unreachable

The connection could not be restored.

Session expired

The server has moved on; the page needs a fresh start.